 Dungeon Crawl Stone Soup version 0.22.0-49-gab54619 (webtiles) character file.

17355 ubloh the Fencer (level 12, -9/95 HPs)
             Began as a Hill Orc Gladiator on Sept 7, 2018.
             Was an Elder of Hepliaklqana.
             Splashed by an acid dragon's acid (11 damage)
             ... on level 9 of the Dungeon.
             The game lasted 01:19:24 (12448 turns).

ubloh the Fencer (Hill Orc Gladiator)              Turns: 12448, Time: 01:19:24

Health: -9/95      AC: 21    Str: 22    XL:     12   Next: 47%
Magic:  15/15      EV:  8    Int:  8    God:    Hepliaklqana [****..]
Gold:   28         SH:  0    Dex: 12    Spells: 11/11 levels left

rFire    + + .     SeeInvis .   a - +6 triple sword of Blind Justice {distort, rElec rC+}
rCold    + + .     Gourm    .   (shield currently unavailable)
rNeg     + . .     Faith    .   e - +2 plate armour {rN+}
rPois    .         Spirit   .   c - +2 helmet
rElec    +         Reflect  .   k - scarf {rC+ rF+}
rCorr    .         Harm     .   C - +0 pair of gloves (curse)
MR       .....                  (no boots)
Stlth    ..........             h - amulet of regeneration
HPRegen  0.65/turn              p - ring of protection from fire
MPRegen  0.14/turn              F - +5 ring of protection

@: corroded
A: reduced essence
a: Recall Ancestor, Ancestor Identity, Transference, Idealise, Renounce Religion


You were on level 9 of the Dungeon.
You worshipped Hepliaklqana.
Hepliaklqana was greatly pleased with you.
You were not hungry.

You visited 4 branches of the dungeon, and saw 15 of its levels.

You collected 1068 gold pieces.
You spent 1040 gold pieces at shops.

Inventory:

Hand Weapons
 a - the +6 triple sword of Blind Justice (weapon) {distort, rElec rC+}
   (You acquired it on level 5 of the Dungeon)

   It warps and distorts space around it.
   Unwielding it can cause banishment or high damage.
   It protects you from cold.
   It insulates you from electricity.
 w - a +0 rapier
 J - a +5 dagger of speed
 L - a +2 dagger of speed
Missiles
 d - 6 throwing nets (quivered)
Armour
 c - a +2 helmet (worn)
 e - a +2 plate armour of positive energy (worn)
 k - a scarf of resistance (worn)
 C - a cursed +0 pair of gloves (worn)
Jewellery
 h - an amulet of regeneration (around neck)
 i - an uncursed ring of see invisible
 p - a ring of protection from fire (left hand)
 v - an uncursed ring of ice
 F - a +5 ring of protection (right hand)
Wands
 g - a wand of flame (105)
 q - a wand of paralysis (21)
 r - a wand of acid (8)
 y - a wand of disintegration (59)
 D - a wand of digging (8)
 M - a wand of scattershot (5)
Scrolls
 j - 3 scrolls of fear
 l - 2 scrolls of fog
 m - 9 scrolls of teleportation
 s - 2 scrolls of blinking {unknown}
 u - 4 scrolls of enchant armour
 B - 2 scrolls of enchant weapon {unknown}
 H - 2 scrolls of immolation {unknown}
 I - a scroll of magic mapping {unknown}
 P - 2 scrolls of remove curse
 S - a scroll of summoning {unknown}
 T - a scroll of amnesia {unknown}
Potions
 b - a potion of agility
 n - 3 potions of curing
 o - 2 potions of ambrosia
 t - 2 potions of brilliance
 x - 6 potions of flight
 G - 2 potions of haste
 N - 2 potions of might
 O - a potion of berserk rage
Comestibles
 f - 22 rations
 z - 3 chunks of flesh


   Skills:
 - Level 10.2 Fighting
 * Level 16.7 Long Blades
 - Level 1.7 Throwing
 - Level 7.5 Armour
 - Level 4.2 Dodging
 - Level 4.3 Invocations


You had 11 spell levels left.
You didn't know any spells.
Your spell library contained the following spells:

 Spells                   Type           Power        Failure   Level  Hunger
 Confusing Touch          Hex            #.....       100%        1    ##.....
 Summon Small Mammal      Summ           #...         100%        1    ##.....
 Call Imp                 Summ           #.......     100%        2    ###....
 Call Canine Familiar     Summ           #.......     100%        3    ####...
 Confuse                  Hex            #.......     100%        3    ####...
 Gell's Gravitas          Tloc           #.........   100%        3    ####...
 Summon Guardian Golem    Hex/Summ       #.......     100%        3    ####...
 Petrify                  Tmut/Erth      #.......     100%        4    #####..
 Summon Ice Beast         Ice/Summ       #.......     100%        4    #####..
 Summon Lightning Spire   Summ/Air       #.......     100%        4    #####..
 Metabolic Englaciation   Hex/Ice        #.........   100%        5    ######.
 Yara's Violent Unravell  Hex/Tmut       #.........   100%        5    ######.


Dungeon Overview and Level Annotations

Branches:
Dungeon (11/15)            Temple (1/1) D:5            Lair (2/6) D:11
  Swamp (0/4) Lair:2          Orc (1/2) D:9
  Snake: Lair:2-4    Spider: Lair:2-4

Altars:
Ashenzari
Cheibriados
Dithmenos
Elyvilon
Fedhas
Gozag
Hepliaklqana
Kikubaaqudgha
Makhleb
Nemelex Xobeh
Okawaru
Qazlal
Ru
Sif Muna
Trog
Uskayaw
Vehumet
Wu Jian
Xom
Yredelemnul
Zin
The Shining One

Shops:
D:4 }   D:5 *   Orc:1 %


Message History

Space warps horribly around you!
* * * LOW HITPOINT WARNING * * *
The gnoll sergeant hits you but does no damage.
You are lethally poisoned!
You feel better.
The orc warrior hits you but does no damage.
The orc warrior hits you with a war axe.
* * * LOW HITPOINT WARNING * * *
Sabrina hits the gnoll sergeant with a dagger of draining!
Sabrina drains the gnoll sergeant!
The gnoll sergeant barely misses Sabrina.
The orc warrior hits you but does no damage.
Your surroundings suddenly seem different.
Sabrina has departed this plane of existence.
There is an escape hatch in the ceiling here.
The acid dragon spits acid at you. The splash of acid hits you!
* * * LOW HITPOINT WARNING * * *
The acid corrodes you!
You are splashed with acid!
The acid burns!
You die...

######..# #.......### #....#
....<#..# ####'#### ###.##
.....#..# #.# #.# .((..#.## #.#
##.# ))(..#.# #.# #..# }}...#.#
#.## #####.### .....#.# #..#
#....>... .....#.###
########.#####........ ....>#.'.#
#....@.....#..........
.#####.#R###..........#.#........
..)....#..##..........#.#........
.......##.##....D.....#.#........
'########.##..........#.########.
.## #..............># #. ..#
####..........### #. #'#######
#####.###### #. #...#...# ###.#
###.


You could see an acid dragon.

Vanquished Creatures
  Harold (D:7)
  A death yak (Lair:2)
  An unseen horror (D:11)
  A centaur zombie (D:10)
  3 spiny frogs
  A torpor snail (Lair:2)
  A gargoyle (D:10)
  2 trolls
  2 hippogriffs
  4 blink frogs (Lair:2)
  A wraith (D:9)
  11 yaks
  A spriggan (D:8)
  A water elemental (D:11)
  A basilisk (Lair:2)
  A vampire (D:10)
  Grum (D:9)
  A vampire mosquito (D:9)
  2 hungry ghosts
  3 water moccasins
  3 porcupines
  6 orc warriors
  4 black bears
  2 ice beasts
  4 ogres
  A phantom (D:7)
  5 wolves
  5 centaurs
  A big kobold (D:10)
  7 bullfrogs
  A scorpion (D:3)
  8 wights
  5 electric eels (D:11)
  A howler monkey (D:7)
  2 crimson imps
  2 bullfrog zombies
  4 jellies
  9 hounds
  4 centaur skeletons
  6 orc priests
  2 bullfrog skeletons
  Crazy Yiuf (D:7)
  Jessica (D:2)
  2 iguanas (D:8)
  5 orc wizards
  5 worker ants
  A hound zombie (D:11)
  2 hound skeletons (D:5)
  A worker ant zombie (D:5)
  14 adders
  4 gnolls
  8 shadow imps
  An adder skeleton (D:9)
  2 adder zombies
  A dart slug (D:4)
  2 leopard geckos
  26 orcs
  9 bats
  5 giant cockroaches
  8 goblins
  4 hobgoblins
  13 jackals
  10 kobolds
  A quokka (D:10)
  A ball python (D:2)
  7 frilled lizards
  5 rats
261 creatures vanquished.

Vanquished Creatures (collateral kills)
  A two-headed ogre (D:9)
  A death yak (Lair:2)
  Maurice (D:10)
  A spiny frog (Lair:1)
  A blink frog (Lair:2)
  3 yaks
  A vampire mosquito (D:9)
  Menkaure (D:5)
  A water moccasin (Lair:1)
  A porcupine (Lair:1)
  An orc warrior (D:10)
  A phantom (D:11)
  A wolf (D:9)
  2 bullfrogs
  A howler monkey (D:6)
  A wight (D:7)
  An electric eel (D:11)
  2 crimson imps
  A hound (D:11)
  2 orc wizards
  An iguana (D:9)
  A hound zombie (D:11)
  4 gnolls
  A shadow imp (D:10)
  A worm (D:6)
  6 orcs
  A jackal (D:11)
  A kobold (D:11)
41 creatures vanquished.

Vanquished Creatures (others)
  8 hexers
  A worker ant zombie (D:11)
  3 ancestors
12 creatures vanquished.

Grand Total: 314 creatures vanquished

Notes
Turn   | Place    | Note
-------+----------+-------------------------------------------
     0 | D:1      | ubloh the Hill Orc Gladiator began the quest for the Orb.
     0 | D:1      | Reached XP level 1. HP: 18/18 MP: 1/1
   286 | D:1      | Reached XP level 2. HP: 25/25 MP: 2/2
   871 | D:2      | Reached XP level 3. HP: 29/30 MP: 3/3
   905 | D:2      | Reached skill level 4 in Long Blades
   948 | D:2      | Found a blossoming altar of Fedhas.
  1003 | D:2      | Noticed Jessica
  1008 | D:2      | Killed Jessica
  1008 | D:2      | Reached skill level 1 in Armour
  1008 | D:2      | Reached XP level 4. HP: 38/38 MP: 4/4
  1107 | D:2      | Noticed an ice beast
  1129 | D:2      | Killed an ice beast
  1129 | D:2      | Reached XP level 5. HP: 29/46 MP: 5/5
  1252 | D:2      | Reached skill level 5 in Long Blades
  1459 | D:3      | Reached XP level 6. HP: 33/52 MP: 6/6
  2260 | D:4      | Reached skill level 6 in Long Blades
  2260 | D:4      | Reached XP level 7. HP: 60/60 MP: 7/7
  2291 | D:4      | Found a burning altar of Makhleb.
  2395 | D:4      | Found Ofobaebbi's Gadget Shop.
  2404 | D:4      | Bought a wand of flame (26) for 140 gold pieces
  2822 | D:5      | Entered Level 5 of the Dungeon
  2866 | D:5      | Found Hevvihic's Assorted Antiques.
  2995 | D:5      | Reached skill level 5 in Fighting
  3149 | D:5      | Found a staircase to the Ecumenical Temple.
  3160 | Temple   | Entered the Ecumenical Temple
  3347 | Temple   | Became a worshipper of Hepliaklqana the Forgotten
  3459 | D:5      | Noticed Menkaure
  3467 | D:5      | Killed Menkaure
  3467 | D:5      | Reached skill level 7 in Long Blades
  4057 | D:6      | Reached XP level 8. HP: 59/62 MP: 8/8
  4216 | D:6      | Reached skill level 8 in Long Blades
  4463 | D:6      | Reached * piety under Hepliaklqana
  4595 | D:6      | Reached skill level 5 in Armour
  4689 | D:7      | Reached skill level 9 in Long Blades
  4759 | D:7      | Reached XP level 9. HP: 49/71 MP: 9/9
  4960 | D:7      | Noticed Harold
  4998 | D:7      | Killed Harold
  4998 | D:7      | Reached skill level 10 in Long Blades
  5080 | D:6      | Reached skill level 11 in Long Blades
  5151 | D:7      | Found a runed door.
  5155 | D:7      | Noticed Crazy Yiuf
  5168 | D:7      | Killed Crazy Yiuf
  6156 | D:8      | Reached skill level 12 in Long Blades
  6156 | D:8      | Reached XP level 10. HP: 75/79 MP: 10/10
  6224 | D:8      | Reached ** piety under Hepliaklqana
  6225 | D:8      | Remembered your ancestor Sabrina as a hexer
  6490 | D:9      | Found a staircase to the Orcish Mines.
  6597 | D:9      | Noticed a two-headed ogre
  6860 | D:9      | Reached skill level 13 in Long Blades
  7033 | D:9      | Noticed Grum
  7645 | D:9      | Reached skill level 14 in Long Blades
  7652 | D:9      | Killed a two-headed ogre
  7652 | D:9      | Reached skill level 1 in Invocations
  7867 | D:9      | Killed Grum
  7875 | D:9      | Reached XP level 11. HP: 54/85 MP: 12/12
  7980 | D:10     | Entered Level 10 of the Dungeon
  8043 | D:10     | Noticed Maurice
  8144 | D:10     | Killed Maurice
  8990 | D:11     | Noticed an unseen horror
  9054 | D:11     | Reached skill level 10 in Fighting
  9061 | D:11     | Killed an unseen horror
  9287 | D:11     | Reached *** piety under Hepliaklqana
  9634 | D:11     | Found a staircase to the Lair.
 10079 | Lair:1   | Entered Level 1 of the Lair of Beasts
 10166 | Lair:1   | Reached skill level 15 in Long Blades
 10260 | Lair:1   | Reached XP level 12. HP: 95/95 MP: 15/15
 10759 | Lair:2   | Reached skill level 16 in Long Blades
 10810 | Lair:2   | Found a staircase to the Swamp.
 10820 | Lair:2   | Reached **** piety under Hepliaklqana
 10870 | Lair:2   | Noticed a death yak
 10872 | Lair:2   | Noticed a death yak
 10879 | Lair:2   | Killed a death yak
 10886 | Lair:2   | Killed a death yak
 12124 | D:5      | Bought a potion of haste for 240 gold pieces
 12124 | D:5      | Bought a scroll of identify for 48 gold pieces
 12124 | D:5      | Bought a potion of curing for 72 gold pieces
 12124 | D:5      | Bought a potion of curing for 72 gold pieces
 12124 | D:5      | Identified 2 scrolls of acquirement
 12127 | D:5      | Got a twisted triple sword
 12128 | D:5      | Identified the +6 triple sword of Blind Justice {distort,
                  | rElec rC+} (You acquired it on level 5 of the Dungeon)
 12188 | D:5      | Bought a shiny helmet for 180 gold pieces
 12199 | D:5      | Bought a glass ring for 120 gold pieces
 12201 | D:5      | Bought an encrusted ivory ring for 120 gold pieces
 12205 | D:5      | Bought a scroll of identify for 48 gold pieces
 12296 | Orc:1    | Entered Level 1 of the Orcish Mines
 12296 | Orc:1    | Found Lirphy's Food Shop.
 12448 | D:9      | HP: 2/95 [acid dragon/splash of acid (9)]
 12448 | D:9      | Splashed by an acid dragon's acid

Skill      XL: |  1  2  3  4  5  6  7  8  9 10 11 12 |
---------------+-------------------------------------+-----
Long Blades    | 4 5 6 7 9 12 14 15 16 | 16.7
Fighting       | 3 4 5 7 8 10 | 10.2
Armour         | 1 2 3 4 5 7 |  7.5
Dodging        | 3 4 |  4.2
Invocations    | 2 4 |  4.3
Throwing       | |  1.7

Action                   |  1- 3 |  4- 6 |  7- 9 | 10-12 || total
-------------------------+-------+-------+-------+-------++-------
Melee: Long sword        |    89 |   131 |   357 |   309 ||   886
       Scimitar          |       |       |       |   133 ||   133
       Great sword       |       |       |       |   219 ||   219
       Triple sword      |       |       |       |     8 ||     8
Invok: Recall Ancestor   |       |       |     1 |     1 ||     2
       Ancestor Identity |       |       |     1 |       ||     1
       Ancestor Life: He |       |       |       |     1 ||     1
Evoke: Wand              |       |     2 |     3 |     1 ||     6
  Use: Scroll            |       |     9 |     5 |    11 ||    25
       Potion            |       |     1 |       |     3 ||     4
 Stab: Distracted        |       |       |     1 |     5 ||     6
       Confused          |       |       |       |     9 ||     9
  Eat: Chunk             |       |     5 |    13 |    21 ||    39
       Ration            |       |       |       |     2 ||     2
Armor: Leather armour    |    14 |       |       |       ||    14
       Ring mail         |    28 |    49 |     2 |       ||    79
       Plate armour      |       |       |   232 |   476 ||   708
Dodge: Dodged            |    70 |    66 |   128 |   257 ||   521
       Rpst.: Long sword |    17 |    16 |    39 |    23 ||    95
       Scimitar          |       |       |       |    20 ||    20
       Great sword       |       |       |       |    23 ||    23
       Triple sword      |       |       |       |     3 ||     3
